 Dungeon Crawl Stone Soup version 0.29.0-11-gd7f09526c8 (webtiles) character file.

Game seed: 6600810970358491510

18 mtoz the Trooper (level 2, 0/19 HPs)
             Began as a Gargoyle Berserker on Sept 4, 2022.
             Was a Follower of Trog.
             Slain by Sigmund
             ... wielding a +2 scythe of flaming
              (6 damage)
             ... on level 2 of the Dungeon.
             The game lasted 00:03:51 (1320 turns).

mtoz the Trooper (Gargoyle Berserker)               Turns: 1320, Time: 00:03:51

Health: 0/19       AC: 11    Str: 20    XL:     2   Next: 66%
Magic:  2/2        EV:  8    Int:  7    God:    Trog [*.....]
Gold:   76         SH:  0    Dex:  9    Spells: 1/1 levels left

rFire   . . .      SeeInvis .   a - +0 hand axe
rCold   . . .      Faith    .   (no shield)
rNeg    + . .      Spirit   .   c - +0 chain mail
rPois   ∞          Reflect  .   (no helmet)
rElec   +          Harm     .   (no cloak)
rCorr   .          Rampage  .   (no gloves)
Will    .....                   (no boots)
Stlth   ..........              (no amulet)
HPRegen 0.06/turn               (no ring)
MPRegen 0.08/turn               (no ring)

@: confused, on berserk cooldown, slowed, very slow
A: sickness immunity, AC +2, negative energy resistance 1, electricity
resistance, torment resistance 1, petrification resistance
a: Renounce Religion, Berserk


You were on level 2 of the Dungeon.
You worshipped Trog.
Trog was aware of your devotion.
You visited 1 branch of the dungeon, and saw 2 of its levels.

You collected 76 gold pieces.

Inventory:

Hand Weapons
 a - a +0 hand axe (weapon)
Armour
 c - a +0 chain mail (worn)
Jewellery
 g - a ring of fire
 i - a +4 ring of evasion
Scrolls
 d - a scroll of brand weapon {unknown}
 f - a scroll of enchant armour {unknown}
Potions
 b - a potion of ambrosia {unknown}
 e - a potion of berserk rage {unknown}
 h - a potion of curing {unknown}
 j - a potion of might {unknown}


   Skills:
 + Level 3.5 Fighting
 - Level 3.0 Axes
 + Level 0.0(1.9) Maces & Flails
 + Level 2.4 Armour
 + Level 1.8 Dodging
 + Level 0.4 Evocations


You had one spell level left.
You didn't know any spells.
Your spell library was empty.

Dungeon Overview and Level Annotations

Branches:
Dungeon (2/15)

Altars:

Annotations:
D:2 Sigmund


Innate Abilities, Weirdness & Mutations

You are immune to sickness and miasma.
Your stone body is resilient. (AC +2)
You are immune to poison.
You resist negative energy. (rN+)
You are resistant to electric shocks. (rElec)
You are resistant to unholy torment.
You are immune to petrification.


Message History

You are confused.
You closely miss Sigmund.
Sigmund is moderately wounded.
Sigmund completely misses you.
Found a stone staircase leading up.
You feel a strong urge to attack something.
You are no longer berserk.
You are exhausted.
You feel yourself slow down.
Sigmund hits you from afar with a +2 scythe of flaming.
Sigmund burns you.
You feel less confused.
Sigmund hits you with a +2 scythe of flaming.
Sigmund burns you.
You hit Sigmund but do no damage.
Sigmund is moderately wounded.
Sigmund hits you but does no damage.
You hit Sigmund.
Sigmund is heavily wounded.
Sigmund barely misses you.
You hit Sigmund.
Sigmund is heavily wounded.
Sigmund hits you but does no damage.
You closely miss Sigmund.
Sigmund is heavily wounded.
Sigmund hits you with a +2 scythe of flaming.
Sigmund burns you.
You barely miss Sigmund. You punch Sigmund.
Sigmund is severely wounded.
Sigmund hits you but does no damage.
You barely miss Sigmund.
Sigmund is severely wounded.
Sigmund hits you with a +2 scythe of flaming.
Sigmund burns you. Sigmund hits you but does no damage.
You closely miss Sigmund.
Sigmund is severely wounded.
Sigmund points at you and mumbles some strange words.
You are confused.
Sigmund hits you from afar with a +2 scythe of flaming.
You die...

####.........#
............########
#...........)......
#................##
#................#
#................#
#......@..########
#..............#
.........@.......#
.....###.........#
.....<......######
............#
............#
............#
......#'###
....#.#..


You could see Sigmund.

Vanquished Creatures
  A dart slug (D:1)
  3 ball pythons
  A goblin (D:1)
  3 hobgoblins (D:1)
  A quokka (D:2)
  3 bats
  A frilled lizard (D:1)
  2 kobolds
  A rat (D:1)
16 creatures vanquished.

Notes
Turn   | Place    | Note
-------+----------+-------------------------------------------
     0 | D:1      | mtoz the Gargoyle Berserker began the quest for the Orb.
     0 | D:1      | Reached XP level 1. HP: 14/14 MP: 1/1
   320 | D:1      | Reached XP level 2. HP: 15/19 MP: 2/2
  1297 | D:2      | Noticed Sigmund
  1320 | D:2      | Slain by Sigmund

Illustrated notes

Levels and vault maps discovered:
D:1:      roderic_crop_circles_arrival_small, layout_basic
D:2:      layout_basic, minmay_misc_feat_columns, hangedman_decor_lopped,
          uniq_sigmund

Skill      XL: |  1  2 |
---------------+-------+-----
Axes           | 3 |  3.0
Fighting       | |  3.5
Armour         | |  2.4
Dodging        | |  1.8
Evocations     | |  0.4

Action                   || total
-------------------------++-------
Melee: Hand axe          ||    64
       Punch             ||     1
Invok: Berserk           ||     2
Armor: Chain mail        ||    33
       Animal skin       ||     1
Dodge: Dodged            ||    25
